[Event "Live Chess"]
[Site "Chess.com"]
[Date "2021.02.28"]
[Round "-"]
[White "Marenduzzo, Ollie"]
[Black "Banerjee, Supratit"]
[Result "1-0"]
[BlackElo "1572"]
[CurrentPosition "6R1/7Q/8/2K5/7k/8/8/8 b - -"]
[ECO "C21"]
[ECOUrl "https://www.chess.com/openings/Center-Game-Accepted-Kieseritzky-Variation-3...c5"]
[EndDate "2021.02.28"]
[EndTime "11:42:26"]
[Link "https://www.chess.com/live/game/8250263667"]
[StartTime "11:22:36"]
[Termination "UtmostTiger won by checkmate"]
[TimeControl "1500+10"]
[Timezone "UTC"]
[UTCDate "2021.02.28"]
[UTCTime "11:22:36"]
[WhiteElo "1492"]

1. e4 e5 2. d4 exd4 3. Nf3 c5 4. c3 Nc6 5. cxd4 cxd4 6. Nxd4 Nxd4 7. Qxd4 d6 8. Bb5+ Bd7 9. Nc3 Nf6 10. O-O Be7 11. Bf4 O-O 12. Rfe1 Bxb5 13. Nxb5 a6 14. Nxd6 Bxd6 15. Qxd6 Qxd6 16. Bxd6 Rfe8 17. e5 Nd7 18. Rac1 f6 19. e6 Nf8 20. Bxf8 Kxf8 21. Rc7 b5 22. g3 a5 23. Kg2 Ra6 24. e7+ Kf7 25. f4 Re6 26. Rxe6 Kxe6 27. Rc5 Kxe7 28. Rxb5 Ra8 29. Rb7+ Kf8 30. a3 a4 31. Kf3 f5 32. g4 fxg4+ 33. Kxg4 Rd8 34. Rb4 Rd2 35. h4 g6 36. Kg5 Rg2+ 37. Kf6 Ke8 38. Kg7 h5 39. Rxa4 Rxb2 40. Kxg6 Rb5 41. Ra7 Rb6+ 42. Kxh5 Kf8 43. a4 Ke8 44. a5 Rb5+ 45. Kg4 Kf8 46. a6 Ra5 47. h5 Kg8 48. f5 Ra4+ 49. Kg5 Ra1 50. Ra8+ Kg7 51. f6+ Kf7 52. Ra7+ Kf8 53. h6 Rg1+ 54. Kf4 Rf1+ 55. Ke3 Rxf6 56. Ra8+ Ke7 57. h7 Re6+ 58. Kd4 Rd6+ 59. Kc5 Rh6 60. h8=Q Rxh8 61. Rxh8 Kd7 62. a7 Ke6 63. a8=Q Kf5 64. Re8 Kf4 65. Qb7 Kf5 66. Qf7+ Kg5 67. Rg8+ Kh4 68. Qh7# 1-0

[Event "Live Chess"]
[Site "Chess.com"]
[Date "2021.02.28"]
[Round "-"]
[White "Mitraka, Chrysa"]
[Black "Srivastava, Aarav"]
[Result "0-1"]
[BlackElo "1664"]
[CurrentPosition "r3k2r/1b1p1pp1/p2b3p/1PpP4/4p3/1P1PB3/1P3PPq/R2Q1RK1 w kq -"]
[ECO "B23"]
[ECOUrl "https://www.chess.com/openings/Sicilian-Defense-Closed-Traditional-Line"]
[EndDate "2021.02.28"]
[EndTime "11:26:05"]
[Link "https://www.chess.com/live/game/8249629591"]
[StartTime "11:10:25"]
[Termination "AwesomeTrouble25 won by checkmate"]
[TimeControl "1500+10"]
[Timezone "UTC"]
[UTCDate "2021.02.28"]
[UTCTime "11:10:25"]
[WhiteElo "1174"]

1. e4 c5 2. Nc3 Nc6 3. Bc4 e5 4. d3 a6 5. Be3 h6 6. Nf3 Nf6 7. O-O b5 8. Bb3 Bb7 9. Nd5 Bd6 10. Nh4 Nd4 11. c3 Nxb3 12. axb3 Nxd5 13. exd5 Qxh4 14. c4 e4 15. cxb5 Qxh2# 0-1

[Event "Live Chess"]
[Site "Chess.com"]
[Date "2021.02.28"]
[Round "-"]
[White "Lynn, Angelo"]
[Black "Malhotra, Vedant"]
[Result "1-0"]
[BlackElo "883"]
[CurrentPosition "k4r2/1Q6/3p1n1p/4p1p1/4P2P/3P3P/P1P1K3/1R6 b - -"]
[ECO "C57"]
[ECOUrl "https://www.chess.com/openings/Italian-Game-Traxler-Knight-Sacrifice-Line-5...Bxf2-6.Kf1-Qe7-7.Nxh8"]
[EndDate "2021.02.28"]
[EndTime "11:30:17"]
[Link "https://www.chess.com/live/game/8249630987"]
[StartTime "11:10:14"]
[Termination "Angelolynn123 won by checkmate"]
[TimeControl "1500+10"]
[Timezone "UTC"]
[UTCDate "2021.02.28"]
[UTCTime "11:10:14"]
[WhiteElo "1388"]

1. e4 e5 2. Nf3 Nc6 3. Bc4 Nf6 4. Ng5 Bc5 5. Nxf7 Bxf2+ 6. Kf1 Qe7 7. Nxh8 Qc5 8. d3 d6 9. h3 Bg3 10. Qf3 Bh4 11. Be3 Nd4 12. Bxd4 Qxd4 13. Nc3 Bd7 14. Ke2 O-O-O 15. Nf7 Rf8 16. g3 b5 17. Bxb5 Bxb5 18. Nxb5 Qxb2 19. Nxa7+ Kb7 20. Rab1 Qxb1 21. Rxb1+ Kxa7 22. Nxd6 cxd6 23. gxh4 h6 24. Qe3+ Ka8 25. Qb6 g5 26. Qb7# 1-0

[Event "Live Chess"]
[Site "Chess.com"]
[Date "2021.02.28"]
[Round "-"]
[White "Gibb, Robert A"]
[Black "McLaurin, Murdo"]
[Result "1/2-1/2"]
[BlackElo "1435"]
[CurrentPosition "8/2b5/2P2p2/5Bpp/5p1k/5K1P/5P2/8 b - -"]
[ECO "A58"]
[ECOUrl "https://www.chess.com/openings/Benko-Gambit-Fully-Accepted-5...Bxa6-6.Nc3-g6"]
[EndDate "2021.02.28"]
[EndTime "11:57:46"]
[Link "https://www.chess.com/live/game/8249023875"]
[StartTime "11:00:15"]
[Termination "Game drawn by agreement"]
[TimeControl "1500+10"]
[Timezone "UTC"]
[UTCDate "2021.02.28"]
[UTCTime "11:00:15"]
[WhiteElo "1370"]

1. d4 Nf6 2. c4 c5 3. d5 b5 4. cxb5 a6 5. bxa6 Bxa6 6. Nc3 g6 7. g3 d6 8. Bg2 Bg7 9. Nf3 O-O 10. O-O Nbd7 11. Rb1 Nb6 12. Re1 Bc4 13. e4 Bxa2 14. Nxa2 Rxa2 15. Qb3 Ra8 16. Qc2 Nbd7 17. Bf4 Qc7 18. Nd4 Nh5 19. Nc6 Nxf4 20. Nxe7+ Kh8 21. gxf4 Rae8 22. Nc6 Nb8 23. Nxb8 Rxb8 24. b4 c4 25. Rec1 c3 26. e5 dxe5 27. Qxc3 Qxc3 28. Rxc3 exf4 29. Rc4 g5 30. b5 Rfd8 31. Rc7 Kg8 32. b6 Be5 33. Re7 Bd6 34. Ra7 Bc5 35. Ra6 Rd6 36. Ra5 Rbxb6 37. Ra8+ Kg7 38. Rxb6 Bxb6 39. Rc8 Bd8 40. Rc6 Rxc6 41. dxc6 Bc7 42. Bd5 h6 43. h3 Kf6 44. Kg2 Kg6 45. Kf3 f6 46. Be4+ Kh5 47. Bf5 Kh4 48. Kg2 Kh5 49. Kf3 Kh4 50. Kg2 h5 51. Kf3 Bb6 52. Be6 Bc7 53. Bf5 1/2-1/2

[Event "Live Chess"]
[Site "Chess.com"]
[Date "2021.02.28"]
[Round "-"]
[White "Lazell, Ruben"]
[Black "Snow, Ben"]
[Result "1-0"]
[BlackElo "1362"]
[CurrentPosition "2rr3k/1b2bpq1/p3pNp1/1p6/8/P2B3Q/2P2PPP/3R2RK b - -"]
[ECO "B20"]
[ECOUrl "https://www.chess.com/openings/Sicilian-Defense-Mengarini-Variation-2...Nc6-3.b4"]
[EndDate "2021.02.28"]
[EndTime "11:37:58"]
[Link "https://www.chess.com/live/game/8249062015"]
[StartTime "11:02:39"]
[Termination "rubenlazell won by resignation"]
[TimeControl "1500+10"]
[Timezone "UTC"]
[UTCDate "2021.02.28"]
[UTCTime "11:02:39"]
[WhiteElo "1409"]

1. e4 c5 2. a3 Nc6 3. b4 a6 4. bxc5 e6 5. d4 Nf6 6. Nd2 Nxd4 7. Bb2 Bxc5 8. Bd3 d6 9. Ngf3 Nxf3+ 10. Nxf3 O-O 11. O-O b5 12. e5 dxe5 13. Nxe5 Bb7 14. Ng4 Be7 15. Kh1 Rc8 16. Qe2 Qd5 17. Rg1 Kh8 18. Rad1 Qa2 19. Nxf6 Qxb2 20. Nxh7 Rfd8 21. Qh5 g6 22. Qh3 Qg7 23. Nf6+ 1-0

[Event "Live Chess"]
[Site "Chess.com"]
[Date "2021.02.28"]
[Round "-"]
[White "Fay, Craig"]
[Black "Howarth, Ned"]
[Result "1-0"]
[BlackElo "1447"]
[CurrentPosition "8/8/8/1K6/1p6/8/kP3R2/8 w - -"]
[ECO "B22"]
[ECOUrl "https://www.chess.com/openings/Sicilian-Defense-Alapin-Variation-2...e6-3.d4"]
[EndDate "2021.02.28"]
[EndTime "12:07:46"]
[Link "https://www.chess.com/live/game/8249076273"]
[StartTime "11:03:30"]
[Termination "Craig_F23 won by resignation"]
[TimeControl "1500+10"]
[Timezone "UTC"]
[UTCDate "2021.02.28"]
[UTCTime "11:03:30"]
[WhiteElo "1523"]

1. e4 c5 2. c3 e6 3. d4 cxd4 4. cxd4 Bb4+ 5. Nc3 Ne7 6. Bd3 O-O 7. Nf3 b6 8. O-O Ba6 9. Bxa6 Nxa6 10. Nb5 d5 11. a3 Bd6 12. e5 Bb8 13. Bg5 Nc7 14. Nc3 Ne8 15. Rc1 f6 16. Bh4 fxe5 17. dxe5 Qd7 18. Bxe7 Qxe7 19. Nxd5 Qf7 20. Ne3 Nc7 21. Qd4 Nb5 22. Qe4 Nc7 23. Ng5 Qg6 24. Qxg6 hxg6 25. f4 a6 26. Rc6 b5 27. Nxe6 Nxe6 28. Rxe6 Ba7 29. Rf3 g5 30. Kf1 Bxe3 31. Rxe3 gxf4 32. Rc3 Rfd8 33. Rd6 Re8 34. e6 Ra7 35. Kf2 Rae7 36. Rcc6 a5 37. Kf3 g5 38. h4 gxh4 39. Kxf4 Kg7 40. Rd7 Kf6 41. Rxe7 Kxe7 42. Ke5 Rg8 43. Rc7+ Kd8 44. Kd6 Rg6 45. Rh7 Kc8 46. Rh8+ Kb7 47. Kd7 Rxg2 48. e7 Rd2+ 49. Ke8 Re2 50. Rxh4 Kc7 51. Rf4 Kd6 52. Rf7 b4 53. axb4 axb4 54. Kd8 Kc5 55. e8=Q Rxe8+ 56. Kxe8 Kc4 57. Rf2 Kb3 58. Kd7 Ka2 59. Kc6 Kb3 60. Kb5 Ka2 1-0

[Event "Live Chess"]
[Site "Chess.com"]
[Date "2021.02.28"]
[Round "-"]
[White "Alsmman, Batoul"]
[Black "Heron, Andy"]
[Result "1/2-1/2"]
[BlackElo "1291"]
[CurrentPosition "8/6pk/8/p3P1p1/1b2q3/5N1P/3p3K/5Q2 b - -"]
[ECO "C00"]
[ECOUrl "https://www.chess.com/openings/French-Defense-Steiner-Variation"]
[EndDate "2021.02.28"]
[EndTime "11:58:55"]
[Link "https://www.chess.com/live/game/8249702047"]
[StartTime "11:16:03"]
[Termination "Game drawn by agreement"]
[TimeControl "1500+10"]
[Timezone "UTC"]
[UTCDate "2021.02.28"]
[UTCTime "11:16:03"]
[WhiteElo "803"]

1. e4 e6 2. c4 c5 3. Nf3 Nc6 4. d3 e5 5. Be3 d6 6. Be2 Be7 7. O-O Nd4 8. Bxd4 cxd4 9. a3 Nf6 10. b4 Bg4 11. c5 Bxf3 12. Bxf3 dxc5 13. bxc5 Bxc5 14. Nd2 O-O 15. Nc4 Re8 16. a4 a6 17. Rb1 Rb8 18. Qb3 Qc7 19. Be2 h6 20. f4 b5 21. Nxe5 bxa4 22. Qxa4 Rxb1 23. Rxb1 a5 24. Nf3 Qxf4 25. e5 Qe3+ 26. Kh1 Ng4 27. Qxe8+ Kh7 28. Re1 Nf2+ 29. Kg1 Ng4+ 30. Kh1 Nf2+ 31. Kg1 Nxd3+ 32. Kh1 Nf4 33. Qxf7 Nxe2 34. Qf5+ Kg8 35. h3 d3 36. Qc8+ Bf8 37. Rf1 Ng3+ 38. Kh2 Nxf1+ 39. Kh1 d2 40. Qc4+ Kh7 41. Qxf1 Bb4 42. g4 Qe4 43. g5 hxg5 44. Kh2 Qf4+ 45. Kh1 Qe4 46. Kh2 1/2-1/2

[Event "Live Chess"]
[Site "Chess.com"]
[Date "2021.02.28"]
[Round "-"]
[White "Goss-Pastor, Alexander"]
[Black "Kardar, Zaem"]
[Result "1-0"]
[BlackElo "1152"]
[CurrentPosition "6Q1/8/1B4Q1/7k/8/4PKP1/7P/8 b - -"]
[ECO "A10"]
[ECOUrl "https://www.chess.com/openings/English-Opening-Anglo-Dutch-Defense-2.Nc3-Nf6-3.g3"]
[EndDate "2021.02.28"]
[EndTime "12:10:39"]
[Link "https://www.chess.com/live/game/8249704547"]
[StartTime "11:15:41"]
[Termination "BoredIsolater won by checkmate"]
[TimeControl "1500+10"]
[Timezone "UTC"]
[UTCDate "2021.02.28"]
[UTCTime "11:15:41"]
[WhiteElo "1745"]

1. c4 f5 2. Nc3 Nf6 3. g3 e5 4. Bg2 g6 5. e3 Bg7 6. Nge2 O-O 7. O-O Nc6 8. d4 e4 9. f3 d5 10. cxd5 Nxd5 11. fxe4 fxe4 12. Rxf8+ Bxf8 13. Bxe4 Nf6 14. Bxc6 bxc6 15. Nf4 Bg4 16. Qf1 g5 17. Ng2 c5 18. dxc5 Bxc5 19. Qc4+ Kg7 20. Qxc5 Bf3 21. Qxg5+ Kf8 22. Qc5+ Kf7 23. Qd4 c6 24. Qxd8 Rxd8 25. Nf4 Ne4 26. Nxe4 Bxe4 27. b3 Rd1+ 28. Kf2 Kf6 29. Bb2+ Kf5 30. Rxd1 Kg4 31. Rd4 Kf5 32. Rxe4 Kxe4 33. Bd4 a5 34. Bb6 a4 35. bxa4 h6 36. a5 Ke5 37. Kf3 Kf5 38. a6 Kg5 39. a7 h5 40. Nxh5 Kxh5 41. a8=Q Kg5 42. Qg8+ Kh5 43. a4 Kh6 44. a5 Kh5 45. a6 Kh6 46. a7 Kh5 47. a8=Q Kh6 48. Qxc6+ Kh5 49. Qcg6# 1-0

[Event "Live Chess"]
[Site "Chess.com"]
[Date "2021.02.28"]
[Round "-"]
[White "McLaurin, Murdo"]
[Black "Cruickshank, Darren"]
[Result "0-1"]
[BlackElo "1549"]
[CurrentPosition "7R/4k3/8/6p1/K7/7P/1r6/q7 w - -"]
[ECO "B12"]
[ECOUrl "https://www.chess.com/openings/Caro-Kann-Defense-Advance-Botvinnik-Carls-Defense"]
[EndDate "2021.02.28"]
[EndTime "15:17:20"]
[Link "https://www.chess.com/live/game/8259920913"]
[StartTime "14:05:21"]
[Termination "TheLionRampant won by checkmate"]
[TimeControl "1500+10"]
[Timezone "UTC"]
[UTCDate "2021.02.28"]
[UTCTime "14:05:21"]
[WhiteElo "1454"]

1. e4 c6 2. d4 d5 3. e5 c5 4. c3 Nc6 5. Nf3 Bg4 6. Be2 e6 7. h3 Bxf3 8. Bxf3 Qb6 9. dxc5 Bxc5 10. Qe2 Qc7 11. Bf4 Nge7 12. Bh5 O-O 13. O-O h6 14. Nd2 Nf5 15. Bg4 Nce7 16. Nf3 Ng6 17. Bh2 Nfe7 18. Nd4 Qb6 19. Rad1 Nc6 20. Nxc6 bxc6 21. b4 Be7 22. Bg3 Rfc8 23. Bh5 c5 24. Bxg6 fxg6 25. a3 cxb4 26. cxb4 a5 27. Qg4 g5 28. Rb1 axb4 29. axb4 Ra4 30. Kh1 Rxb4 31. Rxb4 Qxb4 32. Qxb4 Bxb4 33. f3 Bd2 34. Rb1 Rc7 35. Rb6 Kf7 36. Rb2 Bf4 37. Kh2 Kg6 38. Rb6 Kf5 39. Bxf4 gxf4 40. Rb8 Kxe5 41. Rf8 Rd7 42. Kg1 d4 43. Kf2 d3 44. Ke1 Rd4 45. Kd2 g5 46. Rh8 Kf5 47. Rxh6 e5 48. Rh8 Rd5 49. Ra8 e4 50. fxe4+ Kxe4 51. Re8+ Kf5 52. Ra8 Ke4 53. Re8+ Kd4 54. Ra8 Ke5 55. Ra3 Rb5 56. Kxd3 Rb2 57. Ra5+ Kf6 58. Ra6+ Kg7 59. Ra7+ Kh6 60. Ra6+ Kh5 61. g3 fxg3 62. Ke4 Rf2 63. Ra8 Kh6 64. Ra6+ Kg7 65. Ra7+ Kf6 66. Ra6+ Ke7 67. Ke5 g2 68. Ra7+ Kd8 69. Kd6 Rd2+ 70. Kc6 g1=Q 71. Ra8+ Ke7 72. Rh8 Qc1+ 73. Kb5 Rb2+ 74. Ka4 Qa1# 0-1

[Event "Live Chess"]
[Site "Chess.com"]
[Date "2021.02.28"]
[Round "-"]
[White "Bobak, Cosmo"]
[Black "Lazell, Ruben"]
[Result "1-0"]
[BlackElo "1391"]
[CurrentPosition "r2k1Q2/ppp3p1/2b2b2/4p3/2Pp4/2P5/PP3PPP/3RR1K1 b - -"]
[ECO "C42"]
[ECOUrl "https://www.chess.com/openings/Petrovs-Defense-Urusov-Lichtenhein-Defense-4.Nc3"]
[EndDate "2021.02.28"]
[EndTime "14:19:19"]
[Link "https://www.chess.com/live/game/8259889725"]
[StartTime "14:03:39"]
[Termination "chaeronanaut won by resignation"]
[TimeControl "1500+10"]
[Timezone "UTC"]
[UTCDate "2021.02.28"]
[UTCTime "14:03:39"]
[WhiteElo "1358"]

1. e4 e5 2. Nf3 Nf6 3. Bc4 Nxe4 4. Nc3 Nxc3 5. dxc3 Bd6 6. Ng5 Qe7 7. Bxf7+ Kd8 8. Bc4 Rf8 9. Nxh7 Rh8 10. Bg5 Rxh7 11. Bxe7+ Bxe7 12. O-O Nc6 13. Qd5 Rh8 14. Rfe1 d6 15. Bb5 Bd7 16. Bxc6 Bxc6 17. Qf7 Bf6 18. Rad1 d5 19. c4 d4 20. c3 Rf8 21. Qxf8+ 1-0

[Event "Live Chess"]
[Site "Chess.com"]
[Date "2021.02.28"]
[Round "-"]
[White "Howarth, Ned"]
[Black "Whisson, Max"]
[Result "1-0"]
[BlackElo "1185"]
[CurrentPosition "4rk2/2p2Q2/p1Pp2pN/2b5/8/1P5P/P3RPPK/5q2 b - -"]
[ECO "C70"]
[ECOUrl "https://www.chess.com/openings/Ruy-Lopez-Opening-Morphy-Defense-Deferred-Classical-Defense"]
[EndDate "2021.02.28"]
[EndTime "14:36:17"]
[Link "https://www.chess.com/live/game/8259881181"]
[StartTime "14:02:47"]
[Termination "lamina314 won by checkmate"]
[TimeControl "1500+10"]
[Timezone "UTC"]
[UTCDate "2021.02.28"]
[UTCTime "14:02:47"]
[WhiteElo "1483"]

1. e4 e5 2. Nf3 Nc6 3. Bb5 a6 4. Ba4 Bc5 5. c3 d6 6. d4 exd4 7. cxd4 Ba7 8. d5 b5 9. dxc6 bxa4 10. Qxa4 Bc5 11. O-O Nf6 12. Bg5 O-O 13. h3 h6 14. Bxf6 Qxf6 15. Nc3 Be6 16. Qc2 Qg6 17. Nh4 Qf6 18. Nf5 Rfd8 19. Nd5 Bxd5 20. exd5 Rab8 21. b3 Re8 22. Rfe1 Rxe1+ 23. Rxe1 Qg5 24. Ng3 Qxd5 25. Qe4 Qd2 26. Re2 Qc1+ 27. Kh2 Qd1 28. Nf5 Qf1 29. Qg4 g6 30. Nxh6+ Kf8 31. Qf3 Re8 32. Qxf7# 1-0

[Event "Live Chess"]
[Site "Chess.com"]
[Date "2021.02.28"]
[Round "-"]
[White "Meadows, Henri"]
[Black "Alsmman, Batoul"]
[Result "1-0"]
[BlackElo "795"]
[CurrentPosition "2Q5/Q6p/4pkp1/p3bp2/P7/8/5PPP/6K1 b - -"]
[ECO "D00"]
[ECOUrl "https://www.chess.com/openings/Queens-Pawn-Opening-1...d5"]
[EndDate "2021.02.28"]
[EndTime "14:19:02"]
[Link "https://www.chess.com/live/game/8259939101"]
[StartTime "14:06:49"]
[Termination "H8M9 won by resignation"]
[TimeControl "1500+10"]
[Timezone "UTC"]
[UTCDate "2021.02.28"]
[UTCTime "14:06:49"]
[WhiteElo "1012"]

1. d4 d5 2. b3 Nf6 3. Bb2 c5 4. Nf3 Bf5 5. Nbd2 e6 6. c3 Bd6 7. e3 c4 8. bxc4 dxc4 9. Bxc4 Nc6 10. O-O O-O 11. a4 a5 12. Ba3 Bc7 13. Bxf8 Qxf8 14. Rb1 Qd6 15. Rxb7 Bd8 16. e4 Bxe4 17. Re1 Bxf3 18. Nxf3 Rb8 19. Rxb8 Nxb8 20. Ba2 Bc7 21. Bb1 g6 22. c4 Ng4 23. Ne5 Nf6 24. c5 Qd5 25. Be4 Nxe4 26. Qb1 Qxd4 27. Rxe4 Bxe5 28. Rxd4 Bxd4 29. Qxb8+ Kg7 30. c6 f5 31. c7 Be5 32. Qa7 Kf6 33. c8=Q 1-0

[Event "Live Chess"]
[Site "Chess.com"]
[Date "2021.02.28"]
[Round "-"]
[White "Kardar, Zaem"]
[Black "Barron-Majerik, Alexander"]
[Result "1-0"]
[BlackElo "1010"]
[CurrentPosition "3R1k2/8/8/p4NP1/PPB3Np/7P/8/6K1 b - -"]
[ECO "D20"]
[ECOUrl "https://www.chess.com/openings/Queens-Gambit-Accepted-Central-Variation-Alekhine-System-4.e5"]
[EndDate "2021.02.28"]
[EndTime "14:36:33"]
[Link "https://www.chess.com/live/game/8260396655"]
[StartTime "14:07:34"]
[Termination "Zaem101 won by checkmate"]
[TimeControl "1500+10"]
[Timezone "UTC"]
[UTCDate "2021.02.28"]
[UTCTime "14:07:34"]
[WhiteElo "1152"]

1. d4 d5 2. c4 dxc4 3. e4 Nf6 4. e5 Ng8 5. Bxc4 Nc6 6. f4 f6 7. Nf3 Bg4 8. Bb5 Qd5 9. Nc3 Qe6 10. d5 Qd7 11. dxc6 bxc6 12. Bc4 Qxd1+ 13. Nxd1 fxe5 14. Nxe5 Nf6 15. Ne3 Bd7 16. O-O h5 17. Nf7 Rh7 18. h3 e6 19. Ne5 Rb8 20. b3 Bc5 21. Bd3 Bd4 22. Bxh7 Bxa1 23. Bg6+ Ke7 24. Ba3+ Kd8 25. Rxa1 Rb5 26. Nf7+ Kc8 27. Rc1 e5 28. fxe5 Rxe5 29. Nxe5 Kb7 30. Be7 h4 31. Bxf6 gxf6 32. Nxd7 f5 33. Nxf5 c5 34. Nxc5+ Kb6 35. g4 a6 36. Be8 a5 37. a4 c6 38. Nd7+ Kc7 39. Rd1 c5 40. g5 Kd8 41. Bf7 c4 42. Bxc4 Ke8 43. Nf6+ Kf8 44. Ng4 Ke8 45. b4 Kf8 46. Rd8# 1-0

[Event "Live Chess"]
[Site "Chess.com"]
[Date "2021.02.28"]
[Round "-"]
[White "Heron, Sophie"]
[Black "Gibb, Robert A"]
[Result "1/2-1/2"]
[BlackElo "1361"]
[CurrentPosition "8/2r3kp/4pbp1/p7/Np4P1/1K2R3/1P5P/8 b - -"]
[ECO "D35"]
[ECOUrl "https://www.chess.com/openings/Queens-Gambit-Declined-Harrwitz-Attack"]
[EndDate "2021.02.28"]
[EndTime "15:06:27"]
[Link "https://www.chess.com/live/game/8259839187"]
[StartTime "14:00:26"]
[Termination "Game drawn by repetition"]
[TimeControl "1500+10"]
[Timezone "UTC"]
[UTCDate "2021.02.28"]
[UTCTime "14:00:26"]
[WhiteElo "1255"]

1. d4 d5 2. c4 e6 3. Nc3 Nf6 4. Bf4 Be7 5. Nf3 O-O 6. e3 dxc4 7. Bxc4 a6 8. a4 Nbd7 9. O-O c5 10. Qd2 cxd4 11. exd4 Nb6 12. Bb3 Bb4 13. a5 Nbd5 14. Bxd5 Nxd5 15. Ra4 Bxa5 16. Qc1 Nxf4 17. Qxf4 b5 18. Raa1 Bb7 19. Rfe1 Bc7 20. Qg4 Bxf3 21. Qxf3 Qxd4 22. Re4 Qd6 23. g3 b4 24. Na4 Qc6 25. Qe2 a5 26. Rh4 Bd8 27. Rh3 Qd5 28. Rd1 Qf5 29. Rh5 Qg6 30. Qb5 f5 31. Rh3 Qg4 32. Qf1 Rc8 33. f3 Qc4 34. Qf2 Qb3 35. Ra1 Rc2 36. Qa7 Rc7 37. Qa6 Qd5 38. Qe2 Bf6 39. Rh5 Qe5 40. Qd3 Rd8 41. Qf1 Qe3+ 42. Qf2 Qxf2+ 43. Kxf2 Rd2+ 44. Ke1 Rdc2 45. Rd1 Rc1 46. g4 Rxd1+ 47. Kxd1 Rd7+ 48. Kc2 g6 49. Rh3 fxg4 50. fxg4 Rc7+ 51. Kb3 Kg7 52. Re3 Rc6 53. Rd3 Rc7 54. Re3 Kf7 55. Rf3 Kg7 56. Re3 1/2-1/2

[Event "Live Chess"]
[Site "Chess.com"]
[Date "2021.02.28"]
[Round "-"]
[White "Snow, Ben"]
[Black "Arya, Aadit"]
[Result "1-0"]
[BlackElo "1401"]
[CurrentPosition "4Q3/2R4p/r5pk/8/8/P5P1/5P1P/4b1K1 b - -"]
[ECO "D30"]
[ECOUrl "https://www.chess.com/openings/Queens-Gambit-Declined"]
[EndDate "2021.02.28"]
[EndTime "14:55:45"]
[Link "https://www.chess.com/live/game/8260438997"]
[StartTime "14:10:12"]
[Termination "ilovemybrick won by resignation"]
[TimeControl "1500+10"]
[Timezone "UTC"]
[UTCDate "2021.02.28"]
[UTCTime "14:10:12"]
[WhiteElo "1387"]

1. d4 e6 2. c4 d5 3. Nc3 Nf6 4. cxd5 exd5 5. Bg5 Be7 6. e3 Bf5 7. Qb3 Nbd7 8. Nxd5 Nxd5 9. Qxd5 Bxg5 10. Qxf5 Bf6 11. Nf3 O-O 12. Bd3 g6 13. Qg4 Nb6 14. Rc1 Re8 15. O-O Nd5 16. Bc4 Nb4 17. a3 Nc6 18. b4 Kg7 19. Bb5 Qd6 20. Rfe1 Re7 21. e4 Nxd4 22. Rcd1 Nxf3+ 23. Qxf3 Qb6 24. Bc4 Rae8 25. b5 a6 26. bxa6 bxa6 27. Rb1 Qc5 28. Bxa6 Bc3 29. Rbc1 Bxe1 30. Rxc5 Rxe4 31. g3 Ra4 32. Rxc7 Rxa6 33. Qxf7+ Kh6 34. Qxe8 1-0

[Event "Live Chess"]
[Site "Chess.com"]
[Date "2021.02.28"]
[Round "-"]
[White "Banerjee, Supratit"]
[Black "Heron, Andy"]
[Result "1-0"]
[BlackElo "1284"]
[CurrentPosition "8/8/r3p1p1/r4k1p/5R1P/3N1P2/4K1P1/8 b - -"]
[ECO "C02"]
[ECOUrl "https://www.chess.com/openings/French-Defense-Advance-Nimzowitsch-System"]
[EndDate "2021.02.28"]
[EndTime "14:45:17"]
[Link "https://www.chess.com/live/game/8261078377"]
[StartTime "14:22:39"]
[Termination "mightysmasher won by checkmate"]
[TimeControl "1500+10"]
[Timezone "UTC"]
[UTCDate "2021.02.28"]
[UTCTime "14:22:39"]
[WhiteElo "1580"]

1. e4 e6 2. d4 d5 3. e5 c5 4. Nf3 Ne7 5. Nc3 Nec6 6. Bg5 Be7 7. Bxe7 Qxe7 8. Be2 b6 9. dxc5 bxc5 10. O-O Ba6 11. Bxa6 Nxa6 12. Nb5 O-O 13. Nd6 f6 14. Nb5 fxe5 15. Re1 Rab8 16. Nc3 e4 17. Nd2 Qf6 18. Rf1 Qg6 19. Qe2 Nc7 20. f3 Nd4 21. Qd1 e3 22. Nb3 Qxc2 23. Qxc2 Nxc2 24. Rac1 Nd4 25. Nxc5 Rxb2 26. Nd3 Ne2+ 27. Nxe2 Rxe2 28. Rxc7 Rd2 29. Ne1 d4 30. Rxa7 d3 31. Ra3 e2 32. Rf2 Rd1 33. Rxe2 dxe2 34. Kf2 Rfd8 35. Kxe2 R8d2+ 36. Kf1 Kf7 37. h4 h5 38. Ra5 g6 39. a4 Kf6 40. Rb5 Rd6 41. a5 Ra6 42. Ke2 Ra1 43. Nd3 R1xa5 44. Rb4 Kf5 45. Rf4# 1-0

[Event "Live Chess"]
[Site "Chess.com"]
[Date "2021.02.28"]
[Round "-"]
[White "Goss-Pastor, Alexander"]
[Black "Mitraka, Chrysa"]
[Result "1-0"]
[BlackElo "1168"]
[CurrentPosition "6Q1/4Q3/5pk1/8/5Pp1/1P4Pb/P7/4N1K1 b - -"]
[ECO "A25"]
[ECOUrl "https://www.chess.com/openings/English-Opening-Reversed-Sicilian-Closed-3.g3"]
[EndDate "2021.02.28"]
[EndTime "15:11:55"]
[Link "https://www.chess.com/live/game/8260493199"]
[StartTime "14:13:44"]
[Termination "BoredIsolater won on time"]
[TimeControl "1500+10"]
[Timezone "UTC"]
[UTCDate "2021.02.28"]
[UTCTime "14:13:44"]
[WhiteElo "1764"]

1. c4 e5 2. Nc3 Nc6 3. g3 Bc5 4. Bg2 d6 5. e3 Be6 6. d4 exd4 7. exd4 Bxd4 8. Bxc6+ bxc6 9. Qxd4 c5 10. Qd3 Nf6 11. b3 O-O 12. Nf3 Qd7 13. O-O Bf5 14. Qd2 Rae8 15. Re1 Rxe1+ 16. Qxe1 Re8 17. Qd2 Bh3 18. Bb2 Qf5 19. Nh4 Qe6 20. f3 h6 21. Nb5 Re7 22. Nxa7 g5 23. Ng2 Qf5 24. Bxf6 Qxf6 25. Re1 Rxe1+ 26. Nxe1 g4 27. f4 h5 28. Nb5 h4 29. Nxc7 hxg3 30. hxg3 Qf5 31. Nd5 Qg6 32. Ne7+ Kg7 33. Nxg6 Kxg6 34. Qxd6+ f6 35. Qxc5 Kg7 36. Qe7+ Kg6 37. c5 Kf5 38. c6 Kg6 39. c7 Kf5 40. c8=Q+ Kg6 41. Qg8+ 1-0

[Event "Live Chess"]
[Site "Chess.com"]
[Date "2021.02.28"]
[Round "-"]
[White "Malhotra, Vedant"]
[Black "Fitzpatrick, Brian"]
[Result "0-1"]
[BlackElo "1176"]
[CurrentPosition "5rk1/pp3ppp/2p5/8/3P1n2/PP5q/1BP2Pr1/R4R1K w - -"]
[ECO "C42"]
[ECOUrl "https://www.chess.com/openings/Petrovs-Defense-Classical-Variation"]
[EndDate "2021.02.28"]
[EndTime "14:24:21"]
[Link "https://www.chess.com/live/game/8259849151"]
[StartTime "14:01:17"]
[Termination "Beric67 won by checkmate"]
[TimeControl "1500+10"]
[Timezone "UTC"]
[UTCDate "2021.02.28"]
[UTCTime "14:01:17"]
[WhiteElo "868"]

1. e4 e5 2. Nf3 Nf6 3. Nxe5 d5 4. exd5 Nxd5 5. Bc4 Be6 6. Nf3 Be7 7. O-O O-O 8. d4 c6 9. Nbd2 Nd7 10. b3 N7f6 11. Bb2 Bd6 12. h3 Qd7 13. Ng5 Rae8 14. Nxe6 Rxe6 15. Bxd5 Nxd5 16. a3 Nf4 17. Qf3 Rg6 18. Ne4 Nxh3+ 19. Kh1 Nf4 20. Nxd6 Qxd6 21. Kg1 Rxg2+ 22. Kh1 Qh6+ 23. Qh3 Qxh3# 0-1